 Dungeon Crawl Stone Soup version 0.30.1 (webtiles) character file.

Game seed: 1153476694871217067

42 booth the Digger (level 3, -2/19 HPs)
             Began as a Gargoyle Earth Elementalist on July 11, 2023.
             Was an Initiate of Uskayaw.
             Slain by Terence
             ... wielding a +0 hand axe
              (4 damage)
             ... on level 2 of the Dungeon.
             The game lasted 00:09:41 (972 turns).

booth the Digger (Gargoyle Earth Elementalist)       Turns: 972, Time: 00:09:42

Health: -2/19      AC:  5    Str: 11    XL:     3   Next: 56%
Magic:  2/6        EV:  9    Int: 17    God:    Uskayaw [......]
Gold:   72         SH:  0    Dex: 10    Spells: 3/6 levels left

rFire   . . .        d - +4 dagger
rCold   . . .        (no shield)
rNeg    + . .        a - +0 robe
rPois   ∞            (no helmet)
rElec   +            (no cloak)
rCorr   .            (no gloves)
SInv    .            (no boots)
Will    .....        (no amulet)
Stlth   ++           (no ring)
HPRegen 0.23/turn    (no ring)
MPRegen 0.10/turn

%: no passive effects
@: grasped by roots, constricted
A: sickness immunity, AC +3, negative energy resistance 1, electricity
resistance, torment resistance 1, petrification resistance
a: Renounce Religion


You were on level 2 of the Dungeon.
You worshipped Uskayaw.
Uskayaw was noncommittal.
You visited 1 branch of the dungeon, and saw 2 of its levels.

You collected 72 gold pieces.

Inventory:

Hand Weapons
 d - a +4 dagger (weapon)
 e - a +0 short sword of speed
Missiles
 c - 2 poisoned darts
Armour
 a - a +0 robe (worn)
Potions
 f - a potion of lignification {unknown}


   Skills:
 + Level 1.9 Dodging
 + Level 2.7 Stealth
 + Level 2.2 Spellcasting
 + Level 0.6 Conjurations
 + Level 1.2 Transmutations
 + Level 0.4 Ice Magic
 + Level 4.0 Earth Magic


You had 3 spell levels left.
You knew the following spells:

 Your Spells              Type           Power      Damage    Failure   Level
a - Sandblast             Erth           30%        2d9       3%          1
b - Passwall              Tmut/Erth      8%         N/A       10%         2

Your spell library contained the following spells:

 Spells                   Type           Power      Damage    Failure   Level
 Stone Arrow              Conj/Erth      18%        3d8       22%         3
 Ensorcelled Hibernation  Hex/Ice        4%         N/A       26%         2
 Swiftness                Air            1%         N/A       50%         3
 Petrify                  Tmut/Erth      10%        N/A       54%         4


Dungeon Overview and Level Annotations

Branches:
Dungeon (2/15)

Altars:
Uskayaw

Shops:
D:1 (

Annotations:
D:2 Terence


Innate Abilities, Weirdness & Mutations

You are immune to sickness and miasma.
Your stone body is resilient. (AC +3)
You are immune to poison.
You resist negative energy. (rN+)
You are resistant to electric shocks. (rElec)
You are resistant to unholy torment.
You are immune to petrification.


Message History

An endoplasm comes into view.
Terence zaps a wand.
The roots erupt in riotous growth!
The grasping roots grab you!
Terence is unaffected.
The grasping roots constrict you.
The endoplasm quivers.
Okay, then.
You hit Terence but do no damage. Terence misses you.
The grasping roots constrict you.
You closely miss Terence. Terence barely misses you.
The grasping roots constrict you.
Your magical contamination has completely faded away.
The grasping roots release their grip on you.
Casting: Sandblast (safe; 3% risk of failure)
Confirm with . or Enter, or press ? or * to list all spells.
Aiming: Sandblast (safe; 3% risk of failure)
Press: ? - help, Shift-Dir - straight line, f/p - Terence
Aim: Terence, wielding a +0 hand axe, wearing a +0 scale mail and carrying a wand of roots (8) (84% to hit)
The blast of sand hits Terence but does no damage.
Terence shouts, "ATTACK!!!"
Terence completely misses you.
Okay, then.
You aren't carrying any scrolls.
Magic courses through your body. Terence closely misses you.
You stomp with the beat, sending a shockwave through the revellers around you!
Terence is moderately wounded.
You can no longer stomp with the beat.
Terence zaps a wand.
The roots erupt in riotous growth!
The grasping roots grab you!
Terence is unaffected.
The grasping roots constrict you.
Casting: Sandblast (safe; 3% risk of failure)
Confirm with . or Enter, or press ? or * to list all spells.
Aiming: Sandblast (safe; 3% risk of failure)
Press: ? - help, Shift-Dir - straight line, f/p - Terence
Aim: Terence, wielding a +0 hand axe, wearing a +0 scale mail and carrying a wand of roots (7) (moderately wounded, 84% to hit)
The blast of sand hits Terence.
Terence is heavily wounded.
Terence misses you. The grasping roots constrict you.
* * * LOW HITPOINT WARNING * * *
Terence hits you with a +0 hand axe.
You die...

#.# .. #.#
#.#. #.# #@#.
#.# #.#.
....##.#.
..@.. ...
#)###########
#..J@@......#
###
###########.#
..# #.# #.#
#)# #.# #.#
#.#####.#
######.#
.........
#......#
###.....#
#.######
###.#.#.# #.#


You could see Terence and an endoplasm.

Vanquished Creatures
  An adder (D:2)
  A worm (D:2)
  A dart slug (D:1)
  3 ball pythons
  6 bats
  4 endoplasms
  A giant cockroach (D:1)
  3 goblins
  A hobgoblin (D:1)
  3 kobolds (D:1)
  2 frilled lizards
  2 rats (D:1)
28 creatures vanquished.

Notes
Turn   | Place    | Note
-------+----------+-------------------------------------------
     0 | D:1      | booth the Gargoyle Earth Elementalist began the quest for
                  | the Orb.
     0 | D:1      | Reached XP level 1. HP: 10/10 MP: 3/3
    84 | D:1      | Found Unium's Antique Weapon Boutique.
   123 | D:1      | Reached skill level 1 in Transmutations
   123 | D:1      | Reached XP level 2. HP: 15/15 MP: 0/5
   126 | D:1      | Learned a level 2 spell: Passwall
   441 | D:1      | Found a faded altar of an unknown god.
   460 | D:1      | Prayed at the altar of an unknown god.
   460 | D:1      | Became a worshipper of Uskayaw the Reveller
   460 | D:1      | Reached * piety under Uskayaw
   702 | D:2      | Reached ** piety under Uskayaw
   760 | D:2      | Reached XP level 3. HP: 19/19 MP: 3/6
   806 | D:2      | Noticed Terence
   816 | D:2      | Reached skill level 4 in Earth Magic
   972 | D:2      | Slain by Terence

Illustrated notes

Levels and vault maps discovered:
D:1:      ncdulo_wetmaze, layout_rooms, serial_shops,
          nicolae_shop_pleasant_corner_grove,
          hellmonk_ecumenical_altar_pennies_from_heaven
D:2:      layout_loops_ring, uniq_terence, uniq_robin

Skill      XL: |  1  2  3 |
---------------+----------+-----
Transmutations | 1 |  1.2
Earth Magic    | 4 |  4.0
Dodging        | |  1.9
Stealth        | |  2.7
Spellcasting   | |  2.2
Conjurations   | |  0.6
Ice Magic      | |  0.4

Action                     || total
---------------------------++-------
  Melee: Unarmed           ||     4
         Dagger            ||     6
   Cast: Sandblast         ||    39
 Invoke: Stomp             ||     1
    Use: Potion            ||     2
 Armour: Robe              ||    10
  Dodge: Dodged            ||     9
